 Dungeon Crawl Stone Soup version 0.26-a0-1129-gc5df7fbe6a (webtiles) character file.

Game seed: 10734208673631515002

480 cobaltphoenix the Cudgeller (level 6, -1/57 HPs)
             Began as a Minotaur Berserker on Dec 19, 2020.
             Was a Priest of Trog.
             Slain by an orc
             ... wielding a +0 hand axe
              (3 damage)
             ... on level 5 of the Dungeon.
             The game lasted 00:11:38 (3592 turns).

cobaltphoenix the Cudgeller (Minotaur Berserker)    Turns: 3592, Time: 00:11:39

Health: -1/57      AC:  0    Str: 22    XL:     6   Next: 86%
Magic:  5/5        EV: 12    Int:  4    God:    Trog [***...]
Gold:   54         SH:  5    Dex: 11    Spells: 5/5 levels left

rFire    . . .     SeeInvis .   t - +2 quarterstaff (spect)
rCold    . . .     Faith    .   (shield currently unavailable)
rNeg     . . .     Spirit   .   b - +0 animal skin
rPois    .         Reflect  +   (helmet restricted)
rElec    .         Harm     .   (no cloak)
rCorr    .         Rampage  .   (no gloves)
Will     .....                  g - +0 pair of boots
Stlth    +.........             m - amulet of reflection
HPRegen  0.19/turn              (no ring)
MPRegen  0.09/turn              (no ring)

@: corroded, berserk cooldown, slowed, very slow
A: retaliatory headbutt, horns 2
a: Renounce Religion, Berserk, Trog's Hand


You were on level 5 of the Dungeon.
You worshipped Trog.
Trog was most pleased with you.
You visited 1 branch of the dungeon, and saw 5 of its levels.

You collected 194 gold pieces.
You spent 140 gold pieces at shops.


Innate Abilities, Weirdness & Mutations

You reflexively headbutt those who attack you in melee.
You have a pair of horns on your head.


   Skills:
 + Level 5.9 Fighting
 - Level 6.1(6.8) Maces & Flails
 * Level 4.3(5.9) Staves
 - Level 2.4 Armour
 - Level 2.1 Dodging
 + Level 1.6 Evocations


You had 5 spell levels left.
You didn't know any spells.
Your spell library was empty.

Inventory:

Hand Weapons
 a - a +0 mace
 t - a +2 spectral quarterstaff (weapon)
   (You bought it in a shop on level 4 of the Dungeon)
Missiles
 i - 3 boomerangs (quivered)
 n - 82 stones
Armour
 b - a +0 animal skin (worn)
 g - a +0 pair of boots (worn)
   (You found it on level 1 of the Dungeon)
 v - a +1 ring mail of cold resistance
   (You found it on level 4 of the Dungeon)
Jewellery
 m - an amulet of reflection (around neck)
   (You took it off a kobold on level 2 of the Dungeon)
Wands
 j - a wand of flame (9)
   (You found it on level 2 of the Dungeon)
Scrolls
 d - 5 scrolls of remove curse {unknown}
 e - 4 scrolls of identify {unknown}
 h - a scroll of magic mapping {unknown}
 q - a scroll of enchant weapon {unknown}
 s - 2 scrolls of teleportation {unknown}
Potions
 c - 2 potions of degeneration {unknown}
 f - a potion of attraction {unknown}
 k - a potion of haste
 l - 2 potions of ambrosia {unknown}
 o - a potion of might {unknown}
 p - 3 potions of heal wounds {unknown}
 u - 2 potions of lignification {unknown}

Dungeon Overview and Level Annotations

Branches:
Dungeon (5/15)
 Temple: D:4-7

Altars:

Shops:
D:4 (

Annotations:
D:1 exclusion: downstairs

........# ...##
#......##....##
###......#......#
.......#.#......
.......#......#
.......<......#
.....#........#
... ##..)....#.##
. ##.)@o......
###†)......
.........
#.........
##..##.... ##..
#... ... ... .).
..


You could see an orc.


Message History

The orc wizard hits your spectral weapon but does no damage.
You take 4 damage, and have 52/57 hp.
You throw a boomerang. The boomerang misses the orc wizard.
A jackal comes into view.
The orc wizard hits your spectral weapon but does no damage.
The orc hits you from afar with a +0 trident!
The orc wizard casts a spell at you. The magic dart hits you.
Things that are here:
a +0 club; a +0 ring mail You take 13 damage, and have 39/57 hp.
MASSIVE DAMAGE!!
You hit the orc wizard but do no damage.
You headbutt the orc wizard!
Your spectral weapon hits the orc wizard!
You kill the orc wizard!
Trog accepts your kill.
Trog appreciates your killing of a magic user.
The orc throws a boomerang.
You reflect the boomerang off an invisible shield around you!
The boomerang closely misses the orc.
The weapon returns to the orc!
You block the orc's attack.
Your base Staves skill increases to level 4!
The orc throws a boomerang.
The boomerang barely misses you.
The weapon returns to the orc!
A jackal comes into view.
The orc hits you with a +0 trident. The jelly hits you. The acid corrodes you!
You are splashed with acid.
You take 11 damage, and have 29/57 hp.
The jackal barks!
You hit the orc but do no damage.
The orc throws a boomerang.
The boomerang closely misses your spectral weapon.
The boomerang hits you.
The weapon returns to the orc!
Your spectral weapon hits the orc!
You kill the orc!
Trog accepts your kill. The jelly barely misses you.
You take 6 damage, and have 23/57 hp.
You hit the jelly.
Your hands burn!
Your spectral weapon hits the jelly!
You kill the jelly!
Trog accepts your kill.
The orc throws a boomerang.
The boomerang hits your spectral weapon!
Your spectral weapon shares its damage with you!
The weapon returns to the orc!
* * * LOW HITPOINT WARNING * * *
The jackal bites you.
* * * LOW HITPOINT WARNING * * *
You take 9 damage, and have 14/57 hp.
The orc throws a boomerang.
The boomerang hits your spectral weapon.
Your spectral weapon shares its damage with you!
The weapon returns to the orc!
* * * LOW HITPOINT WARNING * * *
The jackal bites you.
* * * LOW HITPOINT WARNING * * *
Things that are here:
a +0 dagger; a +0 robe You take 4 damage, and have 10/57 hp.
A red film seems to cover your vision as you go berserk!
You feel yourself moving faster!
You feel mighty! You block the jackal's attack.
The jackal barely misses your spectral weapon.
You now have 16/85 hp.
You feel a strong urge to attack something.
The orc throws a boomerang.
The boomerang closely misses your spectral weapon.
The boomerang completely misses you.
The weapon returns to the orc!
The jackal barely misses you. You furiously retaliate!
You headbutt the jackal!
You kill the jackal!
Trog accepts your kill.
The orc throws a boomerang.
The boomerang hits your spectral weapon.
Your spectral weapon shares its damage with you!
Your spectral weapon fades away.
The weapon returns to the orc!
* * * LOW HITPOINT WARNING * * *
You take 1 damage, and have 15/85 hp.
You feel your anger nearly subside.
You are no longer berserk.
You are exhausted.
You feel yourself slow down. The jackal closely misses you.
You now have 10/57 hp.
You block the jackal's attack.
The orc throws a boomerang.
The boomerang barely misses you.
The weapon returns to the orc!
The jackal barely misses you.
The orc throws a boomerang.
The boomerang hits you.
* * * LOW HITPOINT WARNING * * *
The weapon returns to the orc!
You take 5 damage, and have 5/57 hp.
You sock the jackal!
You kill the jackal!
Trog accepts your kill.
The orc throws a boomerang.
The boomerang hits you.
* * * LOW HITPOINT WARNING * * *
The weapon returns to the orc!
You take 3 damage, and have 2/57 hp.
The orc closely misses you. You furiously retaliate!
You headbutt the orc, but do no damage. The orc hits you with a +0 hand axe.
You die...

Skill      XL: |  1  2  3  4  5  6 |
---------------+-------------------+-----
Maces & Flails | 4 5 6 |  6.1
Fighting       | 4 5 |  5.9
Staves         | 3 4 |  4.3
Evocations     | 1 |  1.6
Armour         | |  2.4
Dodging        | |  2.1

Action                   |  1- 3 |  4- 6 || total
-------------------------+-------+-------++-------
Melee: Mace              |    64 |    58 ||   122
       Headbutt          |    10 |     9 ||    19
       Quarterstaff      |       |    19 ||    19
Throw: Boomerang         |    23 |    59 ||    82
Invok: Berserk           |       |     1 ||     1
  Use: Scroll            |       |     1 ||     1
Armor: Animal skin       |    14 |     7 ||    21
Dodge: Dodged            |    58 |    45 ||   103
Block: Other             |       |    13 ||    13
       Reflection        |       |     1 ||     1

Levels and vault maps discovered:
D:1:      dpeg_arrival_line_fractal, layout_basic
D:2:      layout_basic
D:3:      layout_loops_corners, serial_undead, serial_undead_f, serial_undead_d,
          serial_undead_c, serial_undead_a, chequers_ecumenical_altar_grove,
          minmay_box_of_dots
D:4:      layout_rooms, serial_shops, shop, st_stairs_14
D:5:      layout_cave_pools, marbit_many_paths, minitemple,
          minmay_temple_entry_trees, serial_gnoll_camp,
          gnoll_camp_mini_loothouse, gnoll_camp_mini_hut, gnoll_camp_huts_basic,
          gnoll_camp_mini_hut, gnoll_camp_mini_shop

Notes
Turn   | Place    | Note
-------+----------+-------------------------------------------
     0 | D:1      | cobaltphoenix the Minotaur Berserker began the quest for
                  | the Orb.
     0 | D:1      | Reached XP level 1. HP: 19/19 MP: 0/0
   150 | D:1      | Reached skill level 4 in Maces & Flails
   157 | D:1      | Reached XP level 2. HP: 22/27 MP: 1/1
   402 | D:1      | Reached skill level 4 in Fighting
   613 | D:1      | Reached XP level 3. HP: 30/33 MP: 2/2
   971 | D:2      | stay positive :)
  1119 | D:2      | Reached skill level 5 in Maces & Flails
  1265 | D:2      | Reached ** piety under Trog
  1361 | D:2      | Reached XP level 4. HP: 41/41 MP: 3/3
  2557 | D:3      | Reached skill level 6 in Maces & Flails
  3086 | D:3      | Found a faded altar of an unknown god.
  3134 | D:4      | Found Ynaet's Antique Weapon Shoppe.
  3141 | D:4      | Reached XP level 5. HP: 47/47 MP: 4/4
  3161 | D:4      | Bought a runed quarterstaff for 140 gold pieces
  3197 | D:4      | Noticed an ogre
  3207 | D:4      | Killed an ogre
  3208 | D:4      | Reached skill level 5 in Fighting
  3208 | D:4      | Reached skill level 2 in Staves
  3208 | D:4      | Reached skill level 1 in Evocations
  3213 | D:4      | Noticed an ogre
  3225 | D:4      | Killed an ogre
  3226 | D:4      | Reached skill level 3 in Staves
  3226 | D:4      | Reached XP level 6. HP: 56/56 MP: 5/5
  3569 | D:5      | Entered Level 5 of the Dungeon
  3581 | D:5      | Reached *** piety under Trog
  3582 | D:5      | Reached skill level 4 in Staves
  3584 | D:5      | HP: 14/57 [jackal (3)]
  3590 | D:5      | HP: 5/57 [orc/boomerang (5)]
  3591 | D:5      | HP: 2/57 [orc/boomerang (4)]
  3592 | D:5      | Slain by an orc

Vanquished Creatures
  2 ogres (D:4)
  A scorpion (D:4)
  A howler monkey (D:4)
  A jelly (D:5)
  An orc wizard (D:5)
  6 adders
  A gnoll (D:4)
  An ooze (D:1)
  An adder skeleton (D:3)
  2 worms
  3 leopard geckos
  5 orcs
  2 ball pythons
  4 bats
  3 giant cockroaches
  9 goblins
  7 hobgoblins
  13 jackals
  7 kobolds
  A quokka (D:2)
  A ball python skeleton (D:3)
  6 frilled lizards
  A jackal skeleton (D:3)
  A leopard gecko zombie (D:3)
  2 rats
82 creatures vanquished.

Table legend: (Time is in decaauts)
 A = Elapsed time spent in this place.
 B = Non-inter-level travel time spent in this place.
 C = Inter-level travel time spent in this place.
 D = Time resting spent in this place.
 E = Time spent auto-exploring this place.
 F = Levels seen in this place.
 G = Mean time per level.
                   A        B        C        D        E       F      G
               +--------+--------+--------+--------+--------+-----+--------+
         Total |   3634 |   3420 |    214 |    352 |   2177 |   5 |  726.8 |
       Dungeon |   3634 |   3420 |    214 |    352 |   2177 |   5 |  726.8 |
               +--------+--------+--------+--------+--------+-----+--------+

Top non-repeatable levels by time:
     D:2: 1234 daAuts
     D:3: 1000 daAuts
     D:1: 931 daAuts
     D:4: 444 daAuts
     D:5: 24 daAuts

Table legend:
 A = Non-vault XP
 B = Vault XP
 C = Vault XP percentage of total XP
 D = Non-vault monster count
 E = Vault monster count
 F = Vault count percentage of total count
                 A         B        C        D         E       F
            +---------+---------+-------+---------+---------+-------
      Total |     650 |      36 |   5.2 |      72 |      10 |  12.2
            +---------+---------+-------+---------+---------+-------
        D:1 |      46 |       0 |   0.0 |      23 |       0 |   0.0
        D:2 |     109 |       0 |   0.0 |      26 |       0 |   0.0
        D:3 |      17 |      22 |  56.4 |       9 |       9 |  50.0
        D:4 |     386 |      14 |   3.5 |       8 |       1 |  11.1
        D:5 |      92 |       0 |   0.0 |       6 |       0 |   0.0
            +---------+---------+-------+---------+---------+-------
